 Dungeon Crawl Stone Soup version 0.23-a0-837-ga3e6480 (webtiles) character file.

4738 poirepourri the Severer (level 10, 0/80 HPs)
             Began as a Minotaur Fighter on Jan 24, 2019.
             Was a High Priest of Okawaru.
             Slain by a two-headed ogre
             ... wielding a +0 giant club
              (19 damage)
             ... on level 9 of the Dungeon.
             The game lasted 00:05:59 (5925 turns).

poirepourri the Severer (Minotaur Fighter)          Turns: 5925, Time: 00:06:00

Health: 0/80       AC: 10    Str: 21    XL:     10   Next: 22%
Magic:  9/9        EV:  7    Int:  5    God:    Okawaru [*****.]
Gold:   77         SH: 12    Dex: 13    Spells: 9/9 levels left

rFire    . . .     SeeInvis .   a - +2 war axe
rCold    . . .     Gourm    .   c - +3 shield
rNeg     + . .     Faith    .   s - +0 scale mail
rPois    .         Spirit   .   (helmet restricted)
rElec    +         Reflect  .   d - +0 cloak
rCorr    .         Harm     .   A - +0 pair of gloves of the Beginning {rElec rN+}
MR       .....                  (no boots)
Stlth    ..........             (no amulet)
HPRegen  0.23/turn              l - +1 ring of protection
MPRegen  0.11/turn              (no ring)

@: lethally poisoned (0 -> -10), marked
A: retaliatory headbutt, horns 2
a: Heroism, Finesse, Renounce Religion


You were on level 9 of the Dungeon.
You worshipped Okawaru.
Okawaru was extremely pleased with you.
You were not hungry.

You visited 2 branches of the dungeon, and saw 8 of its levels.

You collected 417 gold pieces.
You spent 340 gold pieces at shops.

Inventory:

Hand Weapons
 a - a +2 war axe (weapon)
 b - a +3 flail of freezing
Missiles
 r - 28 bolts
 v - a throwing net (quivered)
Armour
 c - a +3 shield (worn)
 d - a +0 cloak (worn)
 s - a +0 scale mail (worn)
 A - the +0 pair of gloves of the Beginning (worn) {rElec rN+}
   (You bought it in a shop on level 6 of the Dungeon)

   It insulates you from electricity.
   It protects you from negative energy.
Jewellery
 l - a +1 ring of protection (left hand)
 m - an uncursed amulet of faith {unknown}
 w - a cursed amulet of inaccuracy {unknown}
 y - an uncursed amulet of faith {unknown}
 B - an uncursed amulet of harm {unknown}
Wands
 q - a wand of acid (24)
Scrolls
 e - 9 scrolls of remove curse
 n - a scroll of fear
 p - 5 scrolls of teleportation
 u - 2 scrolls of blinking
 C - a scroll of identify
Potions
 g - 3 potions of flight {unknown}
 h - a potion of curing {unknown}
 i - 2 potions of haste
 k - a potion of ambrosia {unknown}
 o - a potion of invisibility {unknown}
 t - a potion of cancellation {unknown}
 x - 2 potions of magic {unknown}
 z - 2 potions of brilliance {unknown}
Comestibles
 f - 10 rations


   Skills:
 + Level 4.5 Fighting
 - Level 16.6 Axes
 - Level 3.6 Armour
 - Level 3.6 Shields


You had 9 spell levels left.
You didn't know any spells.
Your spell library was empty.

Dungeon Overview and Level Annotations

Branches:
Dungeon (6/15)             Temple (1/1) D:4

Altars:
Ashenzari
Cheibriados
Dithmenos
Fedhas
Gozag
Hepliaklqana
Kikubaaqudgha
Nemelex Xobeh
Okawaru
Qazlal
Ru
Sif Muna
Trog
Vehumet
Wu Jian
Xom
Yredelemnul
Zin

Shops:
D:6 [


Innate Abilities, Weirdness & Mutations

You reflexively headbutt those who attack you in melee.
You have a pair of horns on your head.


Message History

You block the orc's attack. The killer bee barely misses you.
Unknown command.
You feel much better.
You feel sick. You block the killer bee's attack. x2
The orc hits you with a +0 hand axe.
Evoke which item? (* to show all) (? for menu, Esc to quit)
Aiming: Corrosive Bolt
Press: ? - help, Shift-Dir - straight line, f - two-headed ogre
Aim: a two-headed ogre, wielding two +0 giant clubs The bolt of acid hits the two-headed ogre!
The two-headed ogre is splashed with acid.
The acid corrodes the two-headed ogre!
The two-headed ogre is moderately wounded.
You feel sick. The killer bee stings you!
You are more poisoned.
The killer bee poisons you! You block the killer bee's attack.
You block the orc's attack.
The two-headed ogre hits you with a +0 giant club!
* * * LOW HITPOINT WARNING * * *
The two-headed ogre hits you with a +0 giant club!!
You die...

#....###....#..##
..### ##......## .#
#........##
#...##.....#
##........###
##..###..)..# ####..
#.†...##
......###o.....#######
#).hy@†...........#
....#.#O.............#
. # #.....####.....#
.......###.###..(# .
......#.#.#.#....#
..##...###.#.#.##..#
...#...#..#.#.#.#..#
.....###.#.#.##..# .##
#[.##.#.#.## ..#


You could see a two-headed ogre, a killer bee, an orc and a jackal.

Vanquished Creatures
  A two-headed ogre (D:9)
  Pikel (D:5)
  A queen bee (D:9)
  2 steam dragons
  Edmund (D:4)
  Duvessa (D:4)
  An orc warrior (D:6)
  2 slaves (D:5)
  3 phantoms
  An ice beast (D:6)
  A centaur (D:6)
  A necrophage (D:6)
  4 ogres
  A bullfrog (D:6)
  Dowan (D:4)
  A scorpion (D:5)
  14 killer bees (D:9)
  4 wights (D:6)
  A jelly (D:6)
  3 centaur zombies
  3 orc priests
  Crazy Yiuf (D:2)
  2 hounds (D:4)
  3 orc wizards
  5 bullfrog skeletons
  An iguana (D:5)
  Terence (D:2)
  Jessica (D:2)
  Natasha (D:2)
  4 worker ants
  A hound skeleton (D:6)
  A howler monkey zombie (D:6)
  4 gnolls (D:5)
  15 adders
  A shadow imp (D:6)
  An adder zombie (D:6)
  3 adder skeletons
  4 worms
  A dart slug (D:1)
  3 leopard geckos
  15 orcs
  6 giant cockroaches
  5 goblins
  5 hobgoblins
  10 jackals
  A quokka (D:9)
  3 ball pythons
  8 bats
  6 frilled lizards
  2 jackal skeletons (D:4)
  13 kobolds
  A leopard gecko skeleton (D:4)
  A quokka zombie (D:5)
  11 rats
188 creatures vanquished.

Notes
Turn   | Place    | Note
-------+----------+-------------------------------------------
     0 | D:1      | poirepourri the Minotaur Fighter began the quest for the
                  | Orb.
     0 | D:1      | Reached XP level 1. HP: 19/19 MP: 0/0
   114 | D:1      | Reached skill level 3 in Axes
   130 | D:1      | Reached XP level 2. HP: 22/26 MP: 1/1
   305 | D:1      | Reached skill level 4 in Axes
   675 | D:2      | Reached XP level 3. HP: 31/31 MP: 2/2
   798 | D:2      | Noticed Jessica
   800 | D:2      | Killed Jessica
   800 | D:2      | Reached skill level 5 in Axes
   800 | D:2      | Reached XP level 4. HP: 39/39 MP: 3/3
   947 | D:2      | Noticed Terence
   959 | D:2      | Killed Terence
   959 | D:2      | Reached skill level 6 in Axes
  1031 | D:2      | Found an opulent altar of Gozag.
  1093 | D:2      | Noticed Natasha
  1097 | D:2      | Killed Natasha
  1097 | D:2      | Reached XP level 5. HP: 42/45 MP: 4/4
  1177 | D:2      | Found a runed door.
  1342 | D:2      | Noticed Crazy Yiuf
  1346 | D:2      | Killed Crazy Yiuf
  1389 | D:3      | Reached skill level 7 in Axes
  1668 | D:3      | Reached XP level 6. HP: 25/51 MP: 5/5
  1891 | D:4      | Reached skill level 8 in Axes
  1895 | D:4      | Found a staircase to the Ecumenical Temple.
  1914 | Temple   | Entered the Ecumenical Temple
  2035 | Temple   | Became a worshipper of Warmaster Okawaru
  2070 | D:4      | Noticed Duvessa
  2078 | D:4      | Killed Duvessa
  2078 | D:4      | Noticed Dowan
  2088 | D:4      | Killed Dowan
  2088 | D:4      | Reached skill level 9 in Axes
  2092 | D:4      | Noticed Edmund
  2110 | D:4      | Killed Edmund
  2110 | D:4      | Reached XP level 7. HP: 55/57 MP: 6/6
  2141 | D:4      | Reached * piety under Okawaru
  2142 | D:4      | Reached skill level 10 in Axes
  3202 | D:5      | Entered Level 5 of the Dungeon
  3216 | D:5      | Reached skill level 11 in Axes
  3216 | D:5      | Reached XP level 8. HP: 64/64 MP: 7/7
  3396 | D:5      | Reached skill level 12 in Axes
  4154 | D:5      | Noticed Pikel
  4170 | D:5      | Killed Pikel
  4170 | D:5      | Reached ** piety under Okawaru
  4170 | D:5      | Reached skill level 13 in Axes
  4632 | D:6      | Reached XP level 9. HP: 64/70 MP: 8/8
  4702 | D:6      | Reached skill level 14 in Axes
  4757 | D:6      | Found Naryser's Armour Boutique.
  4765 | D:6      | Bought the +0 pair of gloves of the Beginning {rElec rN+}
                  | for 340 gold pieces
  4874 | D:6      | Found a blossoming altar of Fedhas.
  4980 | D:6      | Reached *** piety under Okawaru
  5234 | D:6      | Found a radiant altar of Vehumet.
  5338 | D:6      | Reached skill level 15 in Axes
  5347 | D:6      | You fall through a shaft for 3 floors!
  5505 | D:9      | Reached **** piety under Okawaru
  5711 | D:9      | Noticed a queen bee
  5714 | D:9      | Killed a queen bee
  5714 | D:9      | Reached skill level 16 in Axes
  5747 | D:9      | Noticed a two-headed ogre
  5760 | D:9      | Killed a two-headed ogre
  5760 | D:9      | Reached ***** piety under Okawaru
  5760 | D:9      | Reached XP level 10. HP: 49/77 MP: 9/9
  5922 | D:9      | Noticed a two-headed ogre
  5925 | D:9      | Slain by a two-headed ogre

Vault maps used:
D:1:      wander_arrival_desolate, minmay_misc_feat_secret_circle,
          hangedman_abyss_or_decor_lesser_grid
D:2:      grunt_gozag_statues, first_ration, kennysheep_donut,
          minmay_heptomino_h4, uniq_terence, uniq_crazy_yiuf_cottage,
          uniq_natasha, uniq_jessica
D:4:      minmay_temple_entry_antechambers, nrook_campfire,
          minmay_fractal_squares_5, uniq_duvessa, uniq_edmund
D:5:      uniq_pikel
D:6:      kennysheep_steamy, lemuel_round_altar, lemuel_coloured_pillars_altar,
          serial_shops, shop
D:9:      lair_entry_dummy, serial_shops, nicolae_shop_waterfront,
          david_nohive_1
Temple:   nicolae_temple_elliptical

Skill      XL: |  1  2  3  4  5  6  7  8  9 10 |
---------------+-------------------------------+-----
Axes           | 3 4 5 6 7 9 11 13 16 | 16.6
Fighting       | 4 |  4.5
Armour         | |  3.6
Shields        | |  3.6

Action                   |  1- 3 |  4- 6 |  7- 9 | 10-12 || total
-------------------------+-------+-------+-------+-------++-------
Melee: War axe           |    74 |   118 |   298 |    31 ||   521
       Headbutt          |     8 |    16 |    63 |     1 ||    88
Evoke: Wand              |       |       |       |     5 ||     5
  Use: Scroll            |     6 |     4 |     4 |       ||    14
       Potion            |       |     1 |     4 |     2 ||     7
  Eat: Ration            |       |     2 |     3 |       ||     5
Armor: Scale mail        |    32 |    36 |    94 |     9 ||   171
Dodge: Dodged            |    18 |    33 |    58 |    12 ||   121
Block: Shield            |    39 |    58 |   159 |    24 ||   280

Table legend:
 A = Non-vault XP
 B = Vault XP
 C = Vault XP percentage of total XP
 D = Non-vault monster count
 E = Vault monster count
 F = Vault count percentage of total count
                 A         B        C        D         E       F
            +---------+---------+-------+---------+---------+-------
      Total |    3827 |    2942 |  43.5 |     153 |      33 |  17.7
            +---------+---------+-------+---------+---------+-------
        D:1 |      36 |       0 |   0.0 |      24 |       0 |   0.0
        D:2 |      66 |     168 |  71.8 |      21 |       8 |  27.6
        D:3 |     121 |       0 |   0.0 |      21 |       0 |   0.0
        D:4 |     335 |     587 |  63.7 |      19 |       7 |  26.9
        D:5 |     600 |     685 |  53.3 |      26 |       1 |   3.7
        D:6 |    1472 |     154 |   9.5 |      31 |       1 |   3.1
        D:9 |    1197 |    1348 |  53.0 |      11 |      16 |  59.3
            +---------+---------+-------+---------+---------+-------
